 Dungeon Crawl Stone Soup version 0.30.0-5-g1a98f26d00 (webtiles) character file.

Game seed: 16450375734096118759

398 fozzywoppz the Sneak (level 6, -1/28 HPs)
             Began as a Spriggan Enchanter on May 9, 2023.
             Slain by a bullfrog (7 damage)
             ... in a sewer.
             The game lasted 00:11:34 (3984 turns).

fozzywoppz the Sneak (Spriggan Enchanter)           Turns: 3984, Time: 00:11:34

Health: -1/28      AC:  2    Str:  6    XL:     6   Next: 53%
Magic:  8/13       EV: 19    Int: 16    God:
Gold:   194        SH:  0    Dex: 16    Spells: 5/13 levels left

rFire   . . .        n - +1 short sword (drain)
rCold   . . .        (no shield)
rNeg    . . .        b - +0 robe
rPois   .            (helmet restricted)
rElec   .            (no cloak)
rCorr   .            (gloves unavailable)
SInv    +            (boots unavailable)
Will    +....        (no amulet)
Stlth   ++++         (no ring)
HPRegen 0.24/turn    (no ring)
MPRegen 0.13/turn

%: no passive effects
@: very quick
A: very small, no large weapons, unfitting armour, see invisible, speed 3
a: no special abilities


You were in a sewer.
You visited 1 branch of the dungeon, and saw 4 of its levels.
You also visited: Sewer.

You collected 194 gold pieces.

Inventory:

Hand Weapons
 a - a +1 dagger
 h - a +0 dagger of protection
 n - a +1 short sword of draining (weapon)
Missiles
 e - 12 poisoned darts (quivered)
 t - 6 datura-tipped darts
Armour
 b - a +0 robe (worn)
Jewellery
 l - a +6 ring of intelligence
Wands
 i - a wand of flame (10)
 r - a wand of paralysis (3)
Scrolls
 f - 2 scrolls of amnesia
 g - a scroll of identify
 k - a scroll of fog
 m - a scroll of teleportation
Potions
 c - 3 potions of invisibility
 d - a potion of mutation
 j - a potion of heal wounds
 p - a potion of lignification
 q - a potion of flight
 s - a potion of curing
 u - a potion of attraction


   Skills:
 + Level 3.2 Short Blades
 + Level 5.0 Dodging
 + Level 7.0 Stealth
 - Level 4.0 Spellcasting
 - Level 5.0 Hexes


You had 5 spell levels left.
You knew the following spells:

 Your Spells              Type           Power      Damage    Failure   Level
a - Ensorcelled Hibernat  Hex/Ice        22%        N/A       9%          2
b - Confusing Touch       Hex            19%        N/A       6%          3
c - Tukima's Dance        Hex            19%        N/A       6%          3

Your spell library contained the following spells:

 Spells                   Type           Power      Damage    Failure   Level
 Kiss of Death            Conj/Necr      12%        2d6       17%         1
 Shock                    Conj/Air       12%        1d3       17%         1
 Dazzling Flash           Conj/Hex       22%        N/A       19%         3
 Cigotuvi's Dreadful Rot  Necr/Pois/Air  6%         N/A       26%         2
 Swiftness                Air            3%         N/A       45%         3
 Airstrike                Air            1%         2d(1-17)  86%         4
 Dispel Undead            Necr           3%         3d7       86%         4
 Olgreb's Toxic Radiance  Pois           3%         N/A       86%         4


Dungeon Overview and Level Annotations

Branches:
Dungeon (4/15)              Sewer (1/1)
 Temple: D:4-7

Altars:
Dithmenos
Fedhas


Innate Abilities, Weirdness & Mutations

You are very small and have problems with some larger weapons.
You are too small for most types of armour.
You have supernaturally acute eyesight. (SInv)
You cover ground extremely quickly. (Speed+++)


Message History

The bullfrog misses you. The bullfrog barely misses you.
Unknown command.
Casting: Ensorcelled Hibernation (safe; 9% risk of failure)
Confirm with . or Enter, or press ? or * to list all spells.
Aiming: Ensorcelled Hibernation (safe; 9% risk of failure)
Press: ? - help, Shift-Dir - straight line, f/p - bullfrog
Aim: a bullfrog (chance to affect: 45%)
The bullfrog resists with some effort.
The bullfrog misses you. The bullfrog hits you. The bullfrog misses you.
You hit the bullfrog. You drain the bullfrog.
The bullfrog is heavily wounded.
The bullfrog closely misses you. The bullfrog completely misses you.
The bullfrog barely misses you.
You hit the bullfrog. You drain the bullfrog.
The bullfrog is heavily wounded.
The bullfrog closely misses you. The bullfrog misses you.
You barely miss the bullfrog. The bullfrog hits you. x2
You closely miss the bullfrog. The bullfrog misses you.
The bullfrog completely misses you. The bullfrog hits you.
You miss the bullfrog.
The bullfrog is heavily wounded.
The bullfrog misses you. The bullfrog completely misses you.
The bullfrog misses you.
Your magical contamination has completely faded away.
You barely miss the bullfrog.
The bullfrog is heavily wounded.
The bullfrog completely misses you. x2
You barely miss the bullfrog.
The bullfrog is heavily wounded.
The bullfrog closely misses you. The bullfrog misses you.
The bullfrog barely misses you.
You closely miss the bullfrog.
The bullfrog is heavily wounded.
The bullfrog misses you. The bullfrog hits you!
* * * LOW HITPOINT WARNING * * *
The bullfrog completely misses you.
You hit the bullfrog. You drain the bullfrog.
The bullfrog is almost dead.
The bullfrog hits you!
You die...

#.# #≈≈≈≈≈≈≈≈≈~≈.~≈~.#
#.# #.#
#≈≈≈≈~≈≈≈≈≈≈.~≈~.# #.#
#.# ≈≈≈≈~~.≈≈≈≈≈.~≈~.#
#∩# #.#
≈≈≈≈~.?.≈≈≈≈~~≈~.# #.#
#.# ≈≈≈≈.)|?.≈≈≈~~≈~.#
#∩# #.#
#≈≈≈≈≈?[~~≈≈≈≈~≈~.# #.#
#.# #≈≈≈≈≈.~..~≈≈~≈≈~.#
### #.#
#≈≈≈≈~.FF~~≈~≈~≈~.# #†#
#≈≈~.~.@~~≈~≈~≈~.# #~#
#≈~∩.~~≈~~≈≈~≈≈~.# #~#
#≈≈~~~≈≈~≈≈≈~≈≈~.# #†#
##≈~≈≈≈~≈≈≈≈~≈≈~.# #.#
#≈≈≈≈~≈≈≈≈≈~~≈~.# #~#
##≈≈~≈≈≈≈≈≈.~≈~.#
#~########≈≈~≈~~~~.~≈~.#
#.~~~.~≈≈≈≈≈~~~~..~~≈~.#
#~~~≈~≈≈≈≈≈~~~~~†~~≈≈~.#


You could see 2 bullfrogs.

Vanquished Creatures
  An ogre (D:3)
  A scorpion (D:4)
  A jelly (D:4)
  An iguana (D:3)
  An orc wizard (D:4)
  6 adders
  2 worms (D:2)
  2 dart slugs (D:2)
  8 orcs
  5 bats
  6 endoplasms
  12 giant cockroaches
  5 goblins
  4 hobgoblins
  4 jackals (D:1)
  7 quokkas
  6 ball pythons
  6 frilled lizards
  11 kobolds
  6 rats
95 creatures vanquished.

Notes
Turn   | Place    | Note
-------+----------+-------------------------------------------
     0 | D:1      | fozzywoppz the Spriggan Enchanter began the quest for the
                  | Orb.
     0 | D:1      | Reached XP level 1. HP: 9/9 MP: 5/5
   105 | D:1      | Got the Encyclopedia of Infection
   516 | D:1      | Reached skill level 5 in Stealth
   516 | D:1      | Reached XP level 2. HP: 12/13 MP: 6/6
   528 | D:1      | Learned a level 2 spell: Ensorcelled Hibernation
  1087 | D:2      | Reached XP level 3. HP: 16/16 MP: 1/8
  1731 | D:2      | Learned a level 3 spell: Confusing Touch
  1735 | D:2      | Learned a level 3 spell: Tukima's Dance
  1830 | D:2      | Reached XP level 4. HP: 21/21 MP: 9/9
  2359 | D:3      | Identified the +3 sling "Nyewn" {heavy, Str+3}
  2430 | D:3      | Found a blossoming altar of Fedhas.
  2457 | D:3      | Found a shadowy altar of Dithmenos.
  2621 | D:3      | Noticed an ogre
  2630 | D:3      | Killed an ogre
  2631 | D:3      | Reached skill level 6 in Stealth
  2631 | D:3      | Reached XP level 5. HP: 24/24 MP: 11/11
  3345 | D:4      | Reached skill level 5 in Hexes
  3345 | D:4      | Reached XP level 6. HP: 28/28 MP: 11/13
  3659 | D:4      | Found a glowing drain.
  3669 | Sewer    | Entered a sewer
  3740 | Sewer    | Reached skill level 5 in Dodging
  3925 | Sewer    | Reached skill level 7 in Stealth
  3984 | Sewer    | Slain by a bullfrog

Illustrated notes

Levels and vault maps discovered:
D:1:      mainiacjoe_arrival_reflecting_pool, layout_basic
D:2:      cheibrodos_helix_gallery, layout_basic, minmay_pentomino_o2
D:3:      layout_basic, lemuel_round_altar, fedhas_ov_isle_minmay,
          minmay_joined_circles
D:4:      layout_gridville, portal_sewer_entry_d, serial_park_tiny_2
Sewer:    sewer_frog_island_01

Skill      XL: |  1  2  3  4  5  6 |
---------------+-------------------+-----
Stealth        | 5 6 7 |  7.0
Hexes          | 4 5 |  5.0
Dodging        | 3 4 5 |  5.0
Spellcasting   | 3 4 |  4.0
Short Blades   | 2 3 |  3.2

Action                     |  1- 3 |  4- 6 || total
---------------------------+-------+-------++-------
  Melee: Dagger            |    97 |    69 ||   166
         Punch             |     2 |     2 ||     4
         Short sword       |       |   135 ||   135
  Throw: Dart              |       |     3 ||     3
         Throwing net      |       |     1 ||     1
   Cast: Ensorcelled Hiber |    16 |    24 ||    40
         Confusing Touch   |       |     2 ||     2
  Evoke: Wand              |     1 |     6 ||     7
    Use: Scroll            |     1 |    11 ||    12
         Potion            |       |     1 ||     1
   Stab: Sleeping          |    19 |    17 ||    36
         Confused          |       |     1 ||     1
         Distracted        |       |     2 ||     2
         Held in net/web   |       |     1 ||     1
 Armour: Robe              |     6 |    12 ||    18
  Dodge: Dodged            |    87 |   193 ||   280
